 Dungeon Crawl Stone Soup version 0.16-a0-3246-g12054e0 (webtiles) character file.

5842 Ololoev the Spear-Bearer (level 10, -2/67 HPs)
             Began as a Merfolk Warper on Dec 22, 2014.
             Was a Believer of Okawaru.
             Slain by a flying skull (11 damage)
             ... on level 9 of the Dungeon.
             The game lasted 00:29:36 (10547 turns).

Ololoev the Spear-Bearer (Merfolk Warper)          Turns: 10547, Time: 00:29:36

Health: -2/67      AC: 20    Str: 18 (20) XL:     10   Next: 80%
Magic:  20/20      EV: 12    Int: 10 (12) God:    Okawaru [**....]
Gold:   569        SH:  0    Dex: 14      Spells: 2 memorised, 10 levels left

rFire  + . .     SeeInvis +     A - +1 spear (venom)
rCold  . . .     Clarity  .     b - +1 scale mail {rPois}
rNeg   . . .     SustAb   .     (no shield)
rPois  +         Gourm    +     e - +2 helmet
rElec  .         Spirit   .     (no cloak)
rCorr  .         Warding  .     k - +0 pair of gloves (curse)
rMut   .         Stasis   .     v - +1 pair of boots
MR     .....                    w - amulet of the gourmand (curse)
Stlth  ..........               (no ring)
                                B - ring of protection from fire

@: mighty, not resistant to hostile enchantments, extremely unstealthy
A: change form in water, swift swim, iridescent scales 1, see invisible
a: Heroism, Renounce Religion


You were on level 9 of the Dungeon.
You worshipped Okawaru.
Okawaru was pleased with you.
You were very full.

You visited 2 branches of the dungeon, and saw 10 of its levels.

You collected 569 gold pieces.

Notes
Turn   | Place    | Note
--------------------------------------------------------------
     0 | D:1      | Ololoev, the Merfolk Warper, began the quest for the Orb.
     0 | D:1      | Reached XP level 1. HP: 16/16 MP: 3/3
    93 | D:1      | Reached skill level 4 in Polearms
    93 | D:1      | Reached XP level 2. HP: 17/22 MP: 4/4
   464 | D:1      | Reached skill level 5 in Polearms
   464 | D:1      | Reached XP level 3. HP: 27/27 MP: 6/6
   494 | D:1      | Learned a level 2 spell: Blink
  1405 | D:2      | Reached skill level 6 in Polearms
  1427 | D:2      | Reached XP level 4. HP: 25/33 MP: 7/7
  2195 | D:2      | Reached skill level 7 in Polearms
  2692 | D:2      | Reached XP level 5. HP: 36/38 MP: 9/9
  2921 | D:3      | Noticed Ololoev's ghost (average MfAr)
  3016 | D:3      | Killed Ololoev's ghost
  3016 | D:3      | Reached skill level 9 in Polearms
  3016 | D:3      | Reached XP level 6. HP: 22/44 MP: 10/10
  3432 | D:3      | Noticed Robin
  3476 | D:3      | Killed Robin
  3928 | D:4      | Reached skill level 1 in Armour
  3991 | D:4      | Noticed Blork the orc
  4010 | D:4      | Killed Blork the orc
  4010 | D:4      | Reached skill level 10 in Polearms
  4010 | D:4      | Reached XP level 7. HP: 20/50 MP: 12/12
  4772 | D:4      | Reached skill level 11 in Polearms
  4790 | D:4      | Reached XP level 8. HP: 50/56 MP: 13/13
  5055 | D:4      | Found a shimmering altar of Xom.
  5177 | D:5      | Entered Level 5 of the Dungeon
  5257 | D:5      | Gained mutation: Your body is slowly deteriorating. [mutagenic meat]
  5258 | D:5      | Gained mutation: Your body is deteriorating. [mutagenic meat]
  5341 | D:5      | Noticed Menkaure
  5360 | D:5      | Reached skill level 12 in Polearms
  5376 | D:5      | Killed Menkaure
  5612 | D:5      | Noticed Prince Ribbit
  5649 | D:5      | Killed Prince Ribbit
  5944 | D:5      | Reached XP level 9. HP: 27/61 MP: 14/14
  5948 | D:5      | Lost mutation: Your body is deteriorating. [mutagenic meat]
  5949 | D:5      | Gained mutation: You are partially covered in iridescent scales (AC +4). [mutagenic meat]
  6155 | D:5      | Reached skill level 13 in Polearms
  6155 | D:5      | Reached skill level 5 in Armour
  6347 | D:5      | Noticed Eustachio
  6361 | D:5      | Killed Eustachio
  6413 | D:5      | Lost mutation: Your body is slowly deteriorating. [mutagenic meat]
  6501 | D:5      | Noticed Duvessa
  6502 | D:5      | Noticed Dowan
  6535 | D:5      | Killed Duvessa
  6564 | D:5      | Killed Dowan
  6939 | D:6      | Noticed a purple ugly thing
  6968 | D:6      | Killed a purple ugly thing
  7818 | D:6      | Reached skill level 5 in Evocations
  7823 | D:6      | Reached XP level 10. HP: 48/67 MP: 18/18
  7916 | D:7      | Found a staircase to the Ecumenical Temple.
  7991 | Temple   | Entered the Ecumenical Temple
  8003 | Temple   | Became a worshipper of Warmaster Okawaru
  9045 | D:8      | Acquired Okawaru's first power
  9307 | D:8      | Found Twerr's Jewellery Boutique.
  9513 | D:8      | Gained mutation: You have supernaturally acute eyesight. [mutagenic meat]
  9796 | D:8      | Found a blossoming altar of Fedhas.
 10348 | D:9      | Found a deep blue altar of Sif Muna.
 10348 | D:9      | Found a sparkling altar of Nemelex Xobeh.
 10488 | D:9      | Reached skill level 5 in Dodging
 10547 | D:9      | Slain by a flying skull

Inventory:

Hand weapons
 A - a +1 spear of venom (weapon)
Armour
 b - a +1 scale mail of poison resistance (worn)
 e - a +2 helmet (worn)
 k - a cursed +0 pair of gloves (worn)
 v - a +1 pair of boots (worn)
Jewellery
 h - an uncursed ring of wizardry
 w - a cursed amulet of the gourmand (around neck)
 B - a ring of protection from fire (left hand)
 D - an uncursed ring of ice
Magical devices
 n - a wand of slowing (12)
 y - a wand of frost (14)
 H - a wand of flame (22)
 I - a wand of draining (4)
Scrolls
 d - 3 scrolls of blinking
 l - 4 scrolls of remove curse
 q - a scroll of magic mapping {unknown}
 r - 2 scrolls of enchant armour
 s - a scroll of enchant weapon {unknown}
 x - 2 scrolls of teleportation
 z - a scroll of recharging {unknown}
 C - a scroll of fear {unknown}
 F - a scroll of immolation {unknown}
Potions
 a - a potion of cure mutation
 g - a potion of restore abilities
 m - a potion of ambrosia {unknown}
 u - a potion of invisibility
 G - a potion of cancellation {unknown}
Comestibles
 c - 2 royal jellies
 f - 6 bread rations
 i - a slice of pizza
 j - 4 meat rations
 p - 3 beef jerkies
 t - 8 fruits

Table legend:
 A = Turns spent in this place as a percentage of turns spent in the entire game.
 B = Non-inter-level travel turns spent in this place as a percentage of non-inter-level travel turns spent in the entire game.
 C = Inter-level travel turns spent in this place as a percentage of turns spent in this place.
 D = Turns resting spent in this place as a percentage of non-inter-level travel turns spent in this place.
 E = Turns spent auto-exploring this place as a percentage of non-inter-level travel turns spent in this place.
 F = Non-inter-level travel turns spent in this place divided by the number of levels of this place that you've seen.
                   A       B       C       D       E      F
               +-------+-------+-------+-------+-------+----------------------
         Total | 100.0 | 100.0 |   0.2 |   1.9 |   5.9 | 543.2
       Dungeon |  99.5 |  99.5 |   0.2 |   1.9 |   5.9 | 600.8
        Temple |   0.5 |   0.5 |   0.0 |   0.0 |   0.0 |  25.0
               +-------+-------+-------+-------+-------+----------------------


   Skills:
 - Level 2.1 Fighting
 - Level 13.7 Polearms
 - Level 1.0 Throwing
 + Level 7.4 Armour
 + Level 5.0 Dodging
 - Level 2.0 Spellcasting
 - Level 2.4 Translocations
 + Level 7.6 Evocations


You had 10 spell levels left.
You knew the following spells:

 Your Spells              Type           Power        Failure   Level  Hunger
a - Apportation           Tloc           #.........   28%         1    ##.....
b - Blink                 Tloc           N/A          38%         2    ###....


Dungeon Overview and Level Annotations

Branches:
Dungeon (9/15)             Temple (1/1) D:7
   Lair: D:8-11         Orc: D:9-12

Altars:
Cheibriados
Dithmenos
Elyvilon
Fedhas
Gozag
Makhleb
Nemelex Xobeh
Okawaru
Qazlal
Ru
Sif Muna
Trog
Xom
Yredelemnul
Zin
The Shining One

Shops:
D:8 =

Annotations:
D:8 2 exclusions


Innate Abilities, Weirdness & Mutations

You revert to your normal form in water.
You are very nimble and swift while swimming.
You are partially covered in iridescent scales (AC +4).
You have supernaturally acute eyesight.


Message History

The flying skull is almost destroyed.
The flying skull barely misses you.
You miss the flying skull.
The flying skull is almost destroyed.
The flying skull closely misses you.
You barely miss the flying skull.
The flying skull is severely damaged.
The flying skull hits you.
You hit the flying skull but do no damage.
The flying skull is severely damaged.
The flying skull hits you.
You hit the flying skull but do no damage.
The flying skull is severely damaged.
You miss the flying skull.
The flying skull is severely damaged.
The flying skull closely misses you.
You hit the flying skull but do no damage.
The flying skull is severely damaged.
The flying skull closely misses you.
You hit the flying skull but do no damage.
The flying skull is severely damaged.
The flying skull hits you!
You hit the flying skull but do no damage.
The flying skull is severely damaged.
You barely miss the flying skull.
The flying skull is severely damaged.
The flying skull hits you.
You closely miss the flying skull.
The flying skull is severely damaged.
The flying skull hits you but does no damage.
Drink which item? (? for menu, Esc to quit)
You feel better.
The flying skull hits you but does no damage.
Drink which item? (? for menu, Esc to quit)
You feel very mighty all of a sudden.
You feel like a meek peon again.
The flying skull hits you but does no damage.
The flying skull hits you!
Drink which item? (? for menu, Esc to quit)
You feel better. The flying skull hits you!
You die...

#####
##############
####............##
#.......@...:....#
#.#######z.######.#
#.# #. #..# .# #.#
#.#..#.# ### #.#
#....# ..# #.##
##..## #.####.)#
.$..(. #)#.....#
###..###
####.#.##### ....


You could see a flying skull.

Table legend:
 A = Kills in this place as a percentage of kills in entire the game.
 B = Kills by you in this place as a percentage of kills by you in the entire game.
 C = Kills by friends in this place as a percentage of kills by friends in the entire game.
 D = Other kills in this place as a percentage of other kills in the entire game.
 E = Experience gained in this place as a percentage of experience gained in the entire game.
 F = Experience gained in this place divided by the number of levels of this place that you have seen.
                   A       B       C       D       E      F
               +-------+-------+-------+-------+-------+----------------------
         Total | 100.0 | 100.0 |  -nan |  -nan | 100.0 | 834.6
       Dungeon | 100.0 | 100.0 |  -nan |  -nan | 100.0 | 927.3
               +-------+-------+-------+-------+-------+----------------------

Vanquished Creatures
  An ugly thing (D:6)
  Prince Ribbit (D:5)
  A two-headed ogre (D:9)
  A flying skull (D:9)
  A shadow (D:8)
  A wandering mushroom (D:8)
  Eustachio (D:5)
  A hungry ghost (D:7)
  2 hippogriffs
  The ghost of Ololoev the Charlatan, an average MfAr (D:3)
  Menkaure (D:5)
  3 orc warriors
  4 sky beasts
  2 black bears
  4 ogres
  An ice beast (D:8)
  A necrophage (D:8)
  A centaur (D:7)
  2 phantoms
  Duvessa (D:5)
  5 big kobolds
  Blork the orc (D:4)
  3 giant frogs
  2 scorpions (D:6)
  A goliath beetle (D:6)
  Dowan (D:5)
  4 crimson imps
  2 jellies (D:7)
  4 orc wizards
  6 hounds
  3 iguanas
  2 giant frog skeletons (D:5)
  3 orc priests
  A centaur skeleton (D:8)
  A gnoll shaman (D:6)
  5 worker ants
  Robin (D:3)
  5 gnolls
  15 adders
  2 giant mites
  4 worms
  5 giant geckos
  4 oozes
  37 orcs
  2 ball pythons
  14 bats
  A bat skeleton (D:4)
  24 goblins
  20 hobgoblins
  8 jackals
  56 kobolds
  4 quokkas
  4 giant cockroaches
  6 giant newts
  A giant spore (D:7)
  2 jackal skeletons
  16 rats
  8 ballistomycetes (D:7)
314 creatures vanquished.

Vanquished Creatures (others)
  4 jackals (D:1)
4 creatures vanquished.

Grand Total: 318 creatures vanquished

Action                   |  1- 3 |  4- 6 |  7- 9 | 10-12 || total
-------------------------+-------+-------+-------+-------++-------
Melee: Spear             |   188 |   460 |   757 |   670 ||  2075
Throw: Tomahawk          |       |     9 |       |       ||     9
Invok: Heroism           |       |       |       |     1 ||     1
Evoke: Wand              |       |       |     1 |    11 ||    12
  Use: Potion            |     2 |     4 |     4 |     4 ||    14
       Scroll            |       |     1 |       |     8 ||     9
 Stab: Sleeping          |     1 |       |       |       ||     1
       Invisible         |       |       |     2 |       ||     2
  Eat: Chunk             |     1 |    11 |    15 |    20 ||    47
       Fruit             |       |       |     1 |       ||     1

Vault maps used:
D:1:      shiori_arrival_elements
D:2:      forest_paths
D:3:      kennysheep_goblin_castle, first_bread
D:4:      minmay_goblin_kobold_castle, old_standard_altar, uniq_robin,
          uniq_blork_the_orc
D:5:      corner_web_ring, uniq_eustachio, uniq_menkaure, uniq_prince_ribbit1,
          uniq_duvessa
D:7:      minmay_temple_entry_statues_fountains
D:8:      serial_shops, nicolae_shop_window_shopping, hangedman_tree_tricks
D:9:      hangedman_screamer, gammafunk_temple_overflow_pools, serial_shops,
          nicolae_shop_crystal
Temple:   lightli_temple_of_artemis
